 Dungeon Crawl Stone Soup version 0.23-a0-78-gc252fe1 (webtiles) character file.

15386 Amnesiac the Zephyrmancer (level 12, 0/92 HPs)
             Began as a Mummy Air Elementalist on Aug 10, 2018.
             Was an Initiate of Gozag.
             Killed by miscasting Lightning Bolt (8 damage)
             ... on level 1 of the Orcish Mines.
             The game lasted 00:35:25 (15983 turns).

Amnesiac the Zephyrmancer (Mummy Air Elementalist) Turns: 15983, Time: 00:35:25

Health: 0/92       AC: 13    Str: 15    XL:     12   Next: 0%
Magic:  20/26      EV: 23    Int: 19    God:    Gozag
Gold:   3456       SH:  5    Dex: 18    Spells: 19/31 levels left

rFire    . . .     SeeInvis .   a - +5 hunting sling (velocity)
rCold    + . .     Gourm    .   e - +0 buckler
rNeg     + + +     Faith    .   w - +6 leather armour of Indecent Exposure {rC+ rN+}
rPois    ∞         Spirit   .   (no helmet)
rElec    .         Reflect  .   d - +2 cloak
rCorr    .         Harm     .   n - +0 pair of gloves
MR       +....                  (no boots)
Stlth    +++.......             (no amulet)
HPRegen  0.25/turn              p - ring of fire
MPRegen  0.20/turn              v - +4 ring of strength

@: agile, swift, very slightly contaminated, studying Staves, invisible, quick
A: no food or potions, fire vulnerability, cold resistance 1, negative energy
resistance 3, torment resistance, unbreathing
a: Potion Petition, Call Merchant, Bribe Branch, Renounce Religion


You were on level 1 of the Orcish Mines.
You worshipped Gozag.
Gozag was most pleased with you.
You were not hungry.

You visited 3 branches of the dungeon, and saw 14 of its levels.
You also visited: Bailey.

You collected 3762 gold pieces.
You paid 306 gold pieces to Gozag.

Inventory:

Hand Weapons
 a - a +5 hunting sling of velocity (weapon)
 b - the +9 short sword "Sutuube" {pierce, rElec rF++ Dex+3}
   (You found it on level 8 of the Dungeon)

   It inflicts extra damage upon your enemies.
   It affects your dexterity (+3).
   It greatly protects you from fire.
   It insulates you from electricity.
 C - the +12 broad axe "Jellyslayer" {protect, +Inv Str+4}
   (You found it on level 10 of the Dungeon)

   It protects the one who uses it against injury (+AC on strike).
   It affects your strength (+4).
   It lets you turn invisible.
Missiles
 c - 5 sling bullets (quivered)
 k - 294 stones
 l - 101 poisoned needles
Armour
 d - a +2 cloak (worn)
 e - a +0 buckler (worn)
 n - a +0 pair of gloves (worn)
 w - the +6 leather armour of Indecent Exposure (worn) {rC+ rN+}
   (You found it on level 9 of the Dungeon)

   It protects you from cold.
   It protects you from negative energy.
Jewellery
 g - an uncursed ring of teleportation
 p - a ring of fire (left hand)
 v - a +4 ring of strength (right hand)
 B - a +1 ring of evasion
Wands
 m - a wand of paralysis (9)
 q - a wand of enslavement (13)
 r - a wand of flame (35)
 s - a wand of iceblast (8)
 t - a wand of acid (1)
 u - a wand of random effects (41)
 A - a wand of digging (6)
Scrolls
 f - a scroll of magic mapping {!r}
 h - 8 scrolls of identify {!r}
 i - 4 scrolls of remove curse {!r}
 j - 4 scrolls of enchant armour {!r}
 x - a scroll of amnesia {!r}
 z - a scroll of vulnerability {!r}
Books
 y - a manual of Staves
Miscellaneous
 o - a crystal ball of energy


   Skills:
 - Level 8.0 Fighting
 + Level 3.6 Staves
 - Level 8.2 Dodging
 - Level 1.5 Stealth
 - Level 4.0 Shields
 - Level 10.0 Spellcasting
 - Level 0.7 Conjurations
 - Level 10.1 Air Magic


You had 19 spell levels left.
You knew the following spells:

 Your Spells              Type           Power        Failure   Level  Hunger
a - Airstrike             Air            #####.....   1%          4    N/A
b - Shock                 Conj/Air       ####         1%          1    N/A
d - Lightning Bolt        Conj/Air       ####......   28%         5    N/A
z - Swiftness             Chrm/Air       ####....     1%          2    N/A

Your spell library contained the following spells:

 Spells                   Type           Power        Failure   Level  Hunger
 Magic Dart               Conj           ##..         7%          1    N/A
 Conjure Flame            Conj/Fire      ###.....     24%         3    N/A
 Slow                     Hex            #.......     14%         2    N/A
 Mephitic Cloud           Conj/Pois/Air  ###.....     6%          3    N/A
 Blink                    Tloc           N/A          14%         2    N/A
 Iskenderun's Mystic Bla  Conj           ##......     56%         4    N/A
 Call Imp                 Summ           #.......     14%         2    N/A
 Static Discharge         Conj/Air       ####....     3%          3    N/A
 Fulminant Prism          Conj/Hex       ##........   61%         4    N/A
 Dazzling Spray           Conj/Hex       ##....       24%         3    N/A
 Force Lance              Conj/Tloc      ##......     61%         4    N/A
 Searing Ray              Conj           ##....       11%         2    N/A

Dungeon Overview and Level Annotations

Branches:
Dungeon (11/15)            Temple (1/1) D:7            Lair (0/6) D:11
    Orc (2/2) D:11
    Elf: Orc:2

Altars:
Ashenzari
Cheibriados
Dithmenos
Elyvilon
Fedhas
Gozag
Hepliaklqana
Kikubaaqudgha
Makhleb
Nemelex Xobeh
Okawaru
Qazlal
Ru
Sif Muna
Trog
Uskayaw
Vehumet
Wu Jian
Xom
Yredelemnul
Zin
The Shining One
Lugonu

Annotations:
D:10 Snorg


Innate Abilities, Weirdness & Mutations

You do not eat or drink.
Your flesh is vulnerable to fire.
You are immune to poison.
Your flesh is cold resistant. (rC+)
You are immune to negative energy. (rN+++)
You are immune to unholy pain and torment.
You can survive without breathing.


Message History

Aim: an ettin, wielding two dire flails (chance to defeat MR: 28%)
The ettin easily resists.
You climb upwards.
Welcome back to the Dungeon!
There is a staircase to the Orcish Mines here.
You start resting.
You start to feel a little slower.
You start resting.
You feel sluggish.
You start resting.
You start to feel a little faster.
You start resting.
You no longer feel sluggish.
You start resting.
Magic restored.
You start resting.
Magic restored.
You start resting.
HP restored.
You start resting.
HP restored.
Okay, then.
Put on which piece of jewellery? (? for menu, Esc to quit)
Okay, then.
You can't drink.
Unknown command.
Okay, then.
Unknown command.
Okay, then.
Casting: Swiftness (safe; 1% risk of failure)
Confirm with . or Enter, or press ? or * to list all spells.
You feel quick.
You climb downwards.
Welcome back to the Orcish Mines!
The ettin hits you with a dire flail!! You block the ettin's attack.
The ettin hits you with a dire flail!!
* * * LOW HITPOINT WARNING * * *
The ettin closely misses you.
There is a staircase back to the Dungeon here.
Okay, then.
Okay, then.
Unknown command.
Okay, then. [a] - 294 gold - haste and brilliance [b] - 338 gold - resistance and flight [c] - 276 gold - invisibility and agility Purchase which effect?
You fade into invisibility!
You feel agile all of a sudden. The ettin hits you with a dire flail!!
* * * LOW HITPOINT WARNING * * *
The ettin closely misses you.
You are very lightly contaminated with residual magic.
Casting: Swiftness (safe; 1% risk of failure)
Confirm with . or Enter, or press ? or * to list all spells.
Aiming: Lightning Bolt (quite dangerous; 28% risk of failure)
Press: ? - help, Shift-Dir - straight line
Okay, then.
Casting: Lightning Bolt (quite dangerous; 28% risk of failure)
Confirm with . or Enter, or press ? or * to list all spells.
Aiming: Lightning Bolt (quite dangerous; 28% risk of failure)
Press: ? - help, Shift-Dir - straight line, f - ettin
Aim: an ettin, wielding two dire flails (hasn't noticed you)
You miscast Lightning Bolt.
A wave of violent energy washes through your body!
You die...
Your body crumbles into a pile of gold.

#......## ##......##
##........#
####.....#...##
##.#C..........#
#<........#...##
##...........##
##.#....#......####
#....@.........##.###
##.#................##
##.#..................#
#........>.........#.##
##...........#......##
##.#........#.....#.##
##..............#...#
##.#....#....##.....
####...............#


You could see an ettin (wandering).

Vanquished Creatures
  A hydra (D:10)
  The ghost of Azzok the Arsonist, a journeyman HOFE of Vehumet (D:10)
  3 two-headed ogres
  An ugly thing (D:11)
  Joseph (D:8)
  A gargoyle (D:10)
  2 trolls
  A hippogriff (D:8)
  A wyvern (D:11)
  A basilisk (D:11)
  8 yaks
  A wraith (D:7)
  A steam dragon (D:9)
  5 wargs
  The ghost of Oddysee the Conjurer, an amateur TeCj (D:3)
  2 water moccasins
  3 porcupines (D:11)
  2 eyes of draining
  A black bear (D:8)
  10 orc warriors
  A sky beast (D:11)
  3 phantoms
  4 ice beasts
  2 ogres
  6 centaurs
  2 big kobolds
  4 crocodiles
  7 bullfrogs
  A water moccasin zombie (D:7)
  11 killer bees (D:10)
  A scorpion (D:7)
  4 wights (D:9)
  2 howler monkeys (D:8)
  2 electric eels (D:7)
  7 crimson imps
  2 centaur zombies
  3 hounds
  11 orc priests
  5 jellies
  A quasit (D:5)
  Crazy Yiuf (D:4)
  5 bullfrog skeletons
  3 centaur skeletons
  2 iguanas
  20 orc wizards
  11 worker ants
  A hound zombie (D:5)
  A hound skeleton (D:8)
  2 gnolls
  A howler monkey skeleton (D:5)
  10 adders
  2 shadow imps
  7 oozes
  2 adder skeletons (D:4)
  2 worms
  2 dart slugs
  2 leopard geckos
  62 orcs
  A giant cockroach (D:3)
  15 goblins
  6 hobgoblins
  8 jackals
  32 kobolds
  7 quokkas
  5 bats
  A leopard gecko skeleton (D:5)
  A quokka skeleton (D:8)
  A quokka zombie (D:8)
  10 rats
349 creatures vanquished.

Vanquished Creatures (collateral kills)
  An orc warrior (Bailey)
  An orc (Bailey)
  A goblin (Bailey)
3 creatures vanquished.

Vanquished Creatures (others)
  A bush (D:11)
  3 fungi (D:11)
  13 plants
17 creatures vanquished.

Grand Total: 369 creatures vanquished

Notes
Turn   | Place    | Note
-------+----------+-------------------------------------------
     0 | D:1      | Amnesiac the Mummy Air Elementalist began the quest for the Orb.
     0 | D:1      | Reached XP level 1. HP: 13/13 MP: 4/4
   606 | D:1      | Reached XP level 2. HP: 19/19 MP: 3/5
   783 | D:2      | Found an opulent altar of Gozag.
   789 | D:2      | Became a worshipper of Gozag Ym Sagoz the Greedy
  1326 | D:2      | Reached XP level 3. HP: 16/24 MP: 7/7
  2182 | D:3      | Reached XP level 4. HP: 30/30 MP: 2/9
  2190 | D:3      | Learned a level 4 spell: Airstrike
  2355 | D:3      | Found a glowing silver altar of Zin.
  2726 | D:3      | Found a burning altar of Makhleb.
  2779 | D:3      | Found a runed door.
  2783 | D:3      | Noticed Oddysee's ghost (amateur TeCj)
  3425 | D:4      | Reached XP level 5. HP: 16/35 MP: 4/11
  3998 | D:4      | Reached XP level 6. HP: 22/41 MP: 8/13
  4082 | D:4      | Reached skill level 5 in Air Magic
  4148 | D:4      | Reached skill level 5 in Spellcasting
  4246 | D:4      | Found a radiant altar of Vehumet.
  4251 | D:4      | Found a runed door.
  4553 | D:4      | Noticed Crazy Yiuf
  4592 | D:4      | Killed Crazy Yiuf
  4871 | D:5      | Entered Level 5 of the Dungeon
  5039 | D:5      | Reached XP level 7. HP: 44/46 MP: 12/15
  5273 | D:5      | Reached skill level 1 in Shields
  5441 | D:5      | Found a glowing golden altar of the Shining One.
  5826 | D:5      | Reached XP level 8. HP: 41/52 MP: 10/16
  6455 | D:6      | Found a white marble altar of Elyvilon.
  6738 | D:6      | Found a white marble altar of Elyvilon.
  7138 | D:6      | Found a bloodstained altar of Trog.
  7138 | D:6      | Found an ancient bone altar of Kikubaaqudgha.
  7147 | D:6      | Found a snail-covered altar of Cheibriados.
  7149 | D:6      | Found a blossoming altar of Fedhas.
  7151 | D:6      | Found a faded altar of an unknown god.
  7320 | D:6      | Found a shadowy altar of Dithmenos.
  7457 | D:7      | Reached XP level 9. HP: 57/57 MP: 19/19
  7469 | D:7      | Found a staircase to the Ecumenical Temple.
  7586 | Temple   | Entered the Ecumenical Temple
  7751 | D:7      | Found a transporter.
  8113 | D:7      | Found a transporter.
  8633 | D:7      | Found a sacrificial altar of Ru.
  9185 | D:3      | Killed Oddysee's ghost
  9540 | D:8      | Found a hide-covered altar of Uskayaw.
  9568 | D:8      | Found a flagged portal.
  9575 | Bailey   | Entered a bailey
 10351 | D:8      | Noticed Joseph
 10369 | D:8      | Killed Joseph
 10503 | D:8      | Reached XP level 10. HP: 57/63 MP: 10/23
 10534 | D:8      | Got a fine short sword
 10535 | D:8      | Identified the +9 short sword "Sutuube" {pierce, rElec rF++ Dex+3} (You found it on level 8 of the Dungeon)
 10552 | D:8      | Found a stormy altar of Qazlal.
 10554 | D:8      | Found a sparkling altar of Nemelex Xobeh.
 10893 | D:8      | Reached skill level 1 in Fighting
 11082 | D:9      | Identified a paperback manual
 11112 | D:9      | Found a deep blue altar of Sif Muna.
 11267 | D:9      | Noticed a two-headed ogre
 11373 | D:9      | Killed a two-headed ogre
 11455 | D:9      | Got a distressingly furry leather armour
 11503 | D:9      | Identified the +6 leather armour of Indecent Exposure {rC+ rN+} (You found it on level 9 of the Dungeon)
 11744 | D:9      | Reached skill level 10 in Spellcasting
 11744 | D:9      | Reached skill level 10 in Air Magic
 12044 | D:9      | Learned a level 5 spell: Lightning Bolt
 12047 | D:9      | Learned a level 2 spell: Swiftness
 12049 | D:10     | Entered Level 10 of the Dungeon
 12094 | D:10     | Reached skill level 5 in Fighting
 12562 | D:10     | Reached XP level 11. HP: 83/83 MP: 13/25
 12699 | D:10     | Found a runed gate.
 12703 | D:10     | Found a runed gate.
 12705 | D:10     | Found a runed gate.
 12801 | D:10     | Noticed Snorg
 13131 | D:10     | Noticed a ten-headed hydra
 13131 | D:10     | Noticed Azzok's ghost (journeyman HOFE)
 13210 | D:11     | Noticed a two-headed ogre
 13231 | D:11     | Noticed a two-headed ogre
 13238 | D:11     | Killed a two-headed ogre
 13401 | D:11     | Reached skill level 5 in Dodging
 13825 | D:11     | Killed a two-headed ogre
 14101 | D:11     | Noticed a purple ugly thing
 14140 | D:11     | Killed a purple ugly thing
 14632 | D:11     | Found a staircase to the Lair.
 14785 | D:11     | Found a staircase to the Orcish Mines.
 15118 | D:10     | Killed a ten-headed hydra
 15128 | D:10     | Got a translucent broad axe
 15134 | D:10     | Identified the +12 broad axe "Jellyslayer" {protect, +Inv Str+4} (You found it on level 10 of the Dungeon)
 15233 | D:10     | Killed Azzok's ghost
 15259 | Orc:1    | Entered Level 1 of the Orcish Mines
 15697 | Orc:2    | Entered Level 2 of the Orcish Mines
 15705 | Orc:2    | Noticed an ettin
 15708 | Orc:2    | Reached XP level 12. HP: 83/92 MP: 5/26
 15983 | Orc:1    | Killed by miscasting Lightning Bolt

Vault maps used:
D:1:      saegor_arrival_simple_c
D:2:      grunt_gozag_statues, first_ration
D:3:      lemuel_round_altar, old_standard_altar, gammafunk_ghost_grave
D:4:      kennysheep_mini, hangedman_decor_lopped, uniq_crazy_yiuf_cottage
D:5:      nicolae_overflow_crystal_walls
D:6:      chequers_temple_overflow_minitemple, kennysheep_little_box,
          lemuel_round_altar, st_stairs_14, grunt_ministairs_7, elyvilon_altar_3
D:7:      gammafunk_steamed_eel, nicolae_ru_awakened_eye, temple_fountains
D:8:      nemelex_xobeh_ov_fountains_minmay, nicolae_qazlal_eye_of_the_storm,
          lemuel_round_altar, enter_bailey_2, hangedman_little_slice_of_home,
          uniq_joseph
D:9:      lemuel_blue_sif_altar
D:10:     gammafunk_ghost_hydra_chop, uniq_snorg
D:11:     minmay_lair_entry_grove, minmay_orc_entry_guard_dogs
Temple:   corrupted_temple
Orc:2:    pf_orc_diabolical, basic_altar, david_defended_altar_orc
Bailey:   bailey_axe_1, bailey

Skill      XL: |  1  2  3  4  5  6  7  8  9 10 11 |
---------------+----------------------------------+-----
Spellcasting   | 3 4 5 7 9 10 | 10.0
Air Magic      | 3 4 5 6 7 9 10 | 10.1
Shields        | 3 4 |  4.0
Dodging        | 3 4 8 |  8.2
Fighting       | 6 8 |  8.0
Staves         | 3 |  3.6
Stealth        | |  1.5
Conjurations   | |  0.7

Action                   |  1- 3 |  4- 6 |  7- 9 | 10-12 || total
-------------------------+-------+-------+-------+-------++-------
Melee: Unarmed           |     1 |       |       |       ||     1
       Hunting sling     |       |       |       |     2 ||     2
       Short sword       |       |       |       |     1 ||     1
 Fire: Hunting sling     |    32 |    34 |   211 |   440 ||   717
 Cast: Shock             |    64 |   112 |   160 |     3 ||   339
       Airstrike         |       |       |    55 |   158 ||   213
       Swiftness         |       |       |       |     4 ||     4
       Lightning Bolt    |       |       |       |     1 ||     1
Invok: Potion Petition   |       |       |       |     2 ||     2
Evoke: Wand              |       |       |     3 |     9 ||    12
  Use: Scroll            |     4 |     6 |     6 |     5 ||    21
Armor: Robe              |    10 |     7 |    24 |    14 ||    55
       Leather armour    |       |       |       |    92 ||    92
Dodge: Dodged            |    32 |    39 |    92 |   204 ||   367
Block: Buckler           |       |       |    32 |    59 ||    91

Table legend:
 A = Non-vault XP
 B = Vault XP
 C = Vault XP percentage of total XP
 D = Non-vault monster count
 E = Vault monster count
 F = Vault count percentage of total count
 G = Total turns spent on level
                 A         B        C        D         E       F
            +---------+---------+-------+---------+---------+-------
      Total |   16133 |    5847 |  26.6 |     288 |      64 |  18.2
            +---------+---------+-------+---------+---------+-------
        D:1 |      12 |       0 |   0.0 |       8 |       0 |   0.0
        D:2 |      67 |       0 |   0.0 |      20 |       0 |   0.0
        D:3 |     105 |     148 |  58.5 |      28 |       1 |   3.4
        D:4 |     379 |      41 |   9.8 |      15 |       1 |   6.2
        D:5 |    1187 |       0 |   0.0 |      34 |       0 |   0.0
        D:6 |     906 |      13 |   1.4 |      18 |       1 |   5.3
        D:7 |    1310 |     106 |   7.5 |      31 |       2 |   6.1
        D:8 |     990 |     619 |  38.5 |      15 |       9 |  37.5
        D:9 |    2927 |       0 |   0.0 |      41 |       0 |   0.0
       D:10 |    2823 |    1930 |  40.6 |      43 |       2 |   4.4
       D:11 |    4896 |    2478 |  33.6 |      28 |      16 |  36.4
      Orc:1 |     384 |       0 |   0.0 |       4 |       0 |   0.0
      Orc:2 |     147 |       0 |   0.0 |       3 |       0 |   0.0
     Bailey |       0 |     512 | 100.0 |       0 |      32 | 100.0
            +---------+---------+-------+---------+---------+-------
